Blackhawks vs Maple Leafs

Created - 12 décembre 2017 at 06:02

Goals
1 2 3 T
Blackhawks 0 2 1 3
Maple Leafs 0 1 0 1
Shots
1 2 3 T
Blackhawks 3 14 18 35
Maple Leafs 7 4 9 20

1st period

No Goal

Penalties :
Sven Andrighetto (CHI) for Roughing (Minor) at 16:09

2nd period

1. Blackhawks , Alexander Steen 2 (Henrik Zetterberg 17, Derek Forbort 2) at 5:23
2. Blackhawks , Henrik Zetterberg 11 (Alexander Steen 9, Brandon Davidson 4) at 6:57
3. Maple Leafs , Mike Hoffman 13 (Anze Kopitar 11) at 8:13 (PP)

Penalties :
Carl Hagelin (CHI) for Interference (Minor) at 8:09, Mike Hoffman (TOR) for Tripping (Minor) at 11:05, Carl Hagelin (CHI) for Slashing (Minor) at 15:57

3rd period

4. Blackhawks , Henrik Zetterberg 12 (Alexander Steen 10, Andrew Shaw 9) at 1:26

Penalties :
Alexander Steen (CHI) for Hooking (Minor) at 7:06

Goalie Stats

Frederik Andersen (CHI), 19 saves from 20 shots - (0,950), W, 8-12-4, 60:00 minutes
Marc-Andre Fleury (TOR), 32 saves from 35 shots - (0,914), L, 6-13-6, 60:00 minutes

Players Stats for Blackhawks

Player Name              G  A  P  +/- PIM S  H  SB GA TA FO     MP     PP MP  PK MP  
------------------------------------------------------------------------------------
Alexander Steen          1  2  3   3  2   5  2  1  1  1  0/0    18:32   1:00   2:12 
Andrei Markov            0  0  0   1  0   1  3  2  1  0  0/0    26:01   1:06   4:00 
Andrew Shaw              0  1  1   3  0   3  0  0  0  0  1/1    17:01   1:00   0:39 
Andy Greene              0  0  0   0  0   0  0  1  0  2  0/0    19:36   0:53   2:01 
Brandon Davidson         0  1  1   2  0   1  0  0  0  0  0/0    14:23   0:00   0:00 
Brett Connolly           0  0  0   0  0   0  0  0  0  0  0/0     7:09   0:00   0:00 
Carl Hagelin             0  0  0   0  4   1  2  1  0  0  1/2    16:08   0:59   0:00 
Chris Kunitz             0  0  0   0  0   5  0  0  0  1  1/1    16:04   0:00   1:48 
Derek Forbort            0  1  1   2  0   0  0  2  0  0  0/0    14:23   0:00   0:00 
Henrik Zetterberg        2  1  3   3  0   5  1  0  1  0  16/29  24:43   1:00   2:53 
Johan Larsson            0  0  0   0  0   0  0  0  0  0  1/1     6:47   0:00   0:00 
Niklas Hjalmarsson       0  0  0   0  0   0  1  0  0  3  0/0    19:36   0:53   2:01 
Ryan Ellis               0  0  0   1  0   5  2  2  0  0  0/0    26:01   1:06   4:00 
Sven Andrighetto         0  0  0   0  2   1  3  1  0  0  0/0    14:11   0:00   0:00 
Tanner Glass             0  0  0   0  0   0  0  0  0  0  0/0     1:48   0:00   0:00 
Vladislav Namestnikov    0  0  0   0  0   3  4  0  0  2  4/9    16:50   0:00   2:36 
Yanni Gourde             0  0  0   0  0   3  0  1  0  0  5/11   17:21   0:59   0:57 
Zach Parise              0  0  0   0  0   2  2  0  0  0  0/1    17:21   0:59   0:57 

Players Stats for Maple Leafs

Player Name              G  A  P  +/- PIM S  H  SB GA TA FO     MP     PP MP  PK MP  
------------------------------------------------------------------------------------
Anze Kopitar             0  1  1  -1  0   0  5  0  2  0  17/30  23:45   3:21   1:01 
Bobby Ryan               0  0  0   0  0   0  1  1  1  0  0/2    17:09   2:36   0:40 
Fredrik Claesson         0  0  0  -1  0   0  0  2  1  1  0/0    22:07   2:51   0:16 
Jeff Petry               0  0  0  -2  0   0  3  2  1  0  0/0    26:28   3:13   1:02 
Lars Eller               0  0  0  -1  0   0  2  0  2  1  3/4    13:01   0:04   0:15 
Logan Couture            0  0  0  -1  0   3  1  2  1  0  1/2    22:00   3:21   0:23 
Luke Schenn              0  0  0  -2  0   1  1  2  0  0  0/0    29:07   2:44   1:11 
Michael McCarron         0  0  0  -1  0   0  0  0  0  0  0/0     7:52   0:00   0:00 
Mike Hoffman             1  0  1  -1  2   7  1  0  0  0  0/2    21:37   3:21   0:00 
Nicklas Jensen           0  0  0  -1  0   1  0  0  0  0  0/0     7:33   0:00   0:00 
Nikolaj Ehlers           0  0  0   0  0   3  1  0  1  1  1/1    16:30   2:36   0:00 
Sergey Kalinin           0  0  0  -1  0   0  2  0  0  0  0/0    13:04   0:04   0:37 
Stephen Gionta           0  0  0  -1  0   2  1  1  0  0  0/0     7:33   0:00   0:00 
Steven Santini           0  0  0   0  0   0  0  1  0  0  0/0     2:38   0:00   0:00 
Toby Enstrom             0  0  0   0  0   0  0  0  0  0  0/0    21:17   2:48   0:57 
Tom Kostopoulos          0  0  0  -1  0   1  0  0  0  0  0/0    12:26   0:04   0:00 
Travis Zajac             0  0  0   0  0   1  1  2  0  0  4/14   17:18   2:36   1:02 
Will O'Neill             0  0  0  -1  0   1  3  3  0  0  0/0    16:35   0:26   0:32 

3 Stars

1 - Henrik Zetterberg (CHI)
2 - Alexander Steen (CHI)
3 - Andrew Shaw (CHI)

Power Play

Blackhawks - 0 on 1 Attempt(s) - 0,00%
Maple Leafs - 1 on 4 Attempt(s) - 25,00%

Penalty Kill

Blackhawks - 3 on 4 Attempt(s) - 75,00% - Score 0 goal in Penalty Kill
Maple Leafs - 1 on 1 Attempt(s) - 100,00% - Score 0 goal in Penalty Kill

Team Stat

Blackhawks - Hits : 20 - Faceoff Wins : 29 - Blocked Shots : 11 - Penalty Minutes : 8
Maple Leafs - Hits : 22 - Faceoff Wins : 26 - Blocked Shots : 16 - Penalty Minutes : 2

Official

Referees : Francis Charron and Kelly Sutherland
Linesman : Mike Cvik and Steve Miller

Game Notes

Steven Santini is injured at 9:00 of 1st period (Left Hand)

Finance

Level 1 -- Attendance: 4417 (73,62%) -- Ticket Income 485 870 $
Level 2 -- Attendance: 3371 (67,42%) -- Ticket Income 219 115 $
Level 3 -- Attendance: 1264 (63,20%) -- Ticket Income 56 880 $
Level 4 -- Attendance: 3544 (88,60%) -- Ticket Income 77 968 $
Luxury Box -- Attendance: 598 (59,80%) -- Ticket Income 134 550 $
Game was played at the Air Canada Center.
Total Attendance: 13194 (73,30%)
Total Ticket Income: 974 383 $
Other Income: 477 448 $
Total Income: 1 451 831 $

Blackhawks

5 vs 5 Forward 
   Center                   Left Wing                Right Wing               Time % Phy DF OF 
 1 Henrik Zetterberg        Alexander Steen          Andrew Shaw              40     1   2  2  
 2 Yanni Gourde             Zach Parise              Carl Hagelin             30     1   2  2  
 3 Vladislav Namestnikov    Chris Kunitz             Sven Andrighetto         20     1   2  2  
 4 Johan Larsson            Brett Connolly           Henrik Zetterberg        10     1   2  2  

5 vs 5 Defense 
   Defense                  Defense                                           Time % Phy DF OF 
 1 Andrei Markov            Ryan Ellis                                        40     1   2  2  
 2 Niklas Hjalmarsson       Andy Greene                                       30     1   2  2  
 3 Derek Forbort            Brandon Davidson                                  20     1   2  2  
 4 Andrei Markov            Ryan Ellis                                        10     1   2  2  

PowerPlay Forward 
   Center                   Left Wing                Right Wing               Time % Phy DF OF 
 1 Henrik Zetterberg        Alexander Steen          Andrew Shaw              60     1   2  2  
 2 Yanni Gourde             Zach Parise              Carl Hagelin             40     1   2  2  

PowerPlay Defense
   Defense                  Defense                                           Time % Phy DF OF 
 1 Andrei Markov            Ryan Ellis                                        60     1   2  2  
 2 Niklas Hjalmarsson       Andy Greene                                       40     1   2  2  

Penalty Kill 4 Players Forward 
   Center                   Wing                     Time % Phy DF OF 
 1 Henrik Zetterberg        Alexander Steen          60     1   2  2  
 2 Zach Parise              Yanni Gourde             40     1   2  2  

Penalty Kill 4 Players Defense
   Defense                  Defense                  Time % Phy DF OF 
 1 Andrei Markov            Ryan Ellis               60     1   2  2  
 2 Niklas Hjalmarsson       Andy Greene              40     1   2  2  

Penalty Kill - 3 Players Forward 
   Forward                                           Time % Phy DF OF 
 1 Henrik Zetterberg                                 60     1   2  2  
 2 Alexander Steen                                   40     1   2  2  

Penalty Kill - 3 Players Defense
   Defense                  Defense                  Time % Phy DF OF 
 1 Andrei Markov            Ryan Ellis               60     1   2  2  
 2 Niklas Hjalmarsson       Andy Greene              40     1   2  2  

4 vs 4 Forward 
   Center                   Wing                     Time % Phy DF OF 
 1 Henrik Zetterberg        Alexander Steen          60     1   2  2  
 2 Zach Parise              Yanni Gourde             40     1   2  2  

4 vs 4 Defense
   Defense                  Defense                  Time % Phy DF OF 
 1 Andrei Markov            Ryan Ellis               60     1   2  2  
 2 Niklas Hjalmarsson       Andy Greene              40     1   2  2  

Last Minutes Offensive
   Center                   Left Wing                Right Wing               Defense                  Defense                  
   Henrik Zetterberg        Alexander Steen          Andrew Shaw              Andrei Markov            Ryan Ellis               

Last Minutes Defensive
   Center                   Left Wing                Right Wing               Defense                  Defense                  
   Henrik Zetterberg        Alexander Steen          Andrew Shaw              Andrei Markov            Ryan Ellis               

Goaltenders
Starting : Frederik Andersen        
Backup : Mike Condon              

Extra Forwards
Normal : Tanner Glass, Chris Kunitz, Vladislav Namestnikov - PP : Tanner Glass, Chris Kunitz - PK : Vladislav Namestnikov
Extra Defensemen
Normal : Derek Forbort, Brandon Davidson, Niklas Hjalmarsson - PP : Derek Forbort - PK : Brandon Davidson, Niklas Hjalmarsson
Penalty Shots
Henrik Zetterberg, Alexander Steen, Zach Parise, Yanni Gourde, Andrew Shaw
Custom OT Lines Forwards
Henrik Zetterberg, Alexander Steen, Zach Parise, Yanni Gourde, Andrew Shaw, Carl Hagelin, Chris Kunitz, Vladislav Namestnikov, Sven Andrighetto, Johan Larsson
Custom OT Lines Defensemen
Andrei Markov, Ryan Ellis, Niklas Hjalmarsson, Andy Greene, Derek Forbort

Scratches
Eric Staal (Healthy), Cam Atkinson (Healthy)

Maple Leafs

5 vs 5 Forward 
   Center                   Left Wing                Right Wing               Time % Phy DF OF 
 1 Anze Kopitar             Logan Couture            Mike Hoffman             40     1   2  2  
 2 Travis Zajac             Bobby Ryan               Nikolaj Ehlers           30     1   2  2  
 3 Lars Eller               Tom Kostopoulos          Sergey Kalinin           20     1   2  2  
 4 Stephen Gionta           Nicklas Jensen           Michael McCarron         10     1   2  2  

5 vs 5 Defense 
   Defense                  Defense                                           Time % Phy DF OF 
 1 Jeff Petry               Luke Schenn                                       40     1   2  2  
 2 Toby Enstrom             Steven Santini                                    30     1   2  2  
 3 Fredrik Claesson         Will O'Neill                                      20     1   2  2  
 4 Jeff Petry               Luke Schenn                                       10     1   2  2  

PowerPlay Forward 
   Center                   Left Wing                Right Wing               Time % Phy DF OF 
 1 Anze Kopitar             Logan Couture            Mike Hoffman             60     1   2  2  
 2 Travis Zajac             Bobby Ryan               Nikolaj Ehlers           40     1   2  2  

PowerPlay Defense
   Defense                  Defense                                           Time % Phy DF OF 
 1 Jeff Petry               Luke Schenn                                       60     1   2  2  
 2 Toby Enstrom             Steven Santini                                    40     1   2  2  

Penalty Kill 4 Players Forward 
   Center                   Wing                     Time % Phy DF OF 
 1 Anze Kopitar             Travis Zajac             60     1   2  2  
 2 Logan Couture            Mike Hoffman             40     1   2  2  

Penalty Kill 4 Players Defense
   Defense                  Defense                  Time % Phy DF OF 
 1 Jeff Petry               Luke Schenn              60     1   2  2  
 2 Toby Enstrom             Steven Santini           40     1   2  2  

Penalty Kill - 3 Players Forward 
   Forward                                           Time % Phy DF OF 
 1 Anze Kopitar                                      60     1   2  2  
 2 Travis Zajac                                      40     1   2  2  

Penalty Kill - 3 Players Defense
   Defense                  Defense                  Time % Phy DF OF 
 1 Jeff Petry               Luke Schenn              60     1   2  2  
 2 Toby Enstrom             Steven Santini           40     1   2  2  

4 vs 4 Forward 
   Center                   Wing                     Time % Phy DF OF 
 1 Anze Kopitar             Travis Zajac             60     1   2  2  
 2 Logan Couture            Mike Hoffman             40     1   2  2  

4 vs 4 Defense
   Defense                  Defense                  Time % Phy DF OF 
 1 Jeff Petry               Luke Schenn              60     1   2  2  
 2 Toby Enstrom             Steven Santini           40     1   2  2  

Last Minutes Offensive
   Center                   Left Wing                Right Wing               Defense                  Defense                  
   Anze Kopitar             Logan Couture            Mike Hoffman             Jeff Petry               Luke Schenn              

Last Minutes Defensive
   Center                   Left Wing                Right Wing               Defense                  Defense                  
   Anze Kopitar             Logan Couture            Mike Hoffman             Jeff Petry               Luke Schenn              

Goaltenders
Starting : Marc-Andre Fleury        
Backup : Petr Mrazek              

Extra Forwards
Normal : Lars Eller, Tom Kostopoulos, Sergey Kalinin - PP : Lars Eller, Tom Kostopoulos - PK : Sergey Kalinin
Extra Defensemen
Normal : Fredrik Claesson, Will O'Neill, Toby Enstrom - PP : Fredrik Claesson - PK : Will O'Neill, Toby Enstrom
Penalty Shots
Anze Kopitar, Travis Zajac, Logan Couture, Mike Hoffman, Nikolaj Ehlers
Custom OT Lines Forwards
Anze Kopitar, Travis Zajac, Logan Couture, Mike Hoffman, Nikolaj Ehlers, Bobby Ryan, Lars Eller, Tom Kostopoulos, Sergey Kalinin, Stephen Gionta
Custom OT Lines Defensemen
Jeff Petry, Luke Schenn, Toby Enstrom, Steven Santini, Fredrik Claesson

Scratches
*salaire Leafs* (Suspend), Boyd Gordon (Healthy), Hampus Lindholm (Healthy)

% Time on Ice - Blackhawks

Lines # - Real PCT - Wanted PCT - Time Play
Normal Forward
1 - 31% - 40% - 15:58
2 - 30% - 30% - 15:25
3 - 27% - 20% - 13:50
4 - 13% - 10% - 6:47
Normal Defense
1 - 37% - 40% - 19:28
2 - 32% - 30% - 16:42
3 - 28% - 20% - 14:23
4 - 3% - 10% - 1:27
PP Forward
1 - 50% - 60% - 1:00
2 - 50% - 40% - 0:59
PP Defense
1 - 55% - 60% - 1:06
2 - 45% - 40% - 0:53
PK Forward
1 - 84% - 60% - 5:04
2 - 16% - 40% - 0:57
PK Defense
1 - 66% - 60% - 4:00
2 - 34% - 40% - 2:01
PK3 Forward
1 - 0% - 60%
2 - 0% - 40%
PK3 Defense
1 - 0% - 60%
2 - 0% - 40%
44 Forward
1 - 0% - 60%
2 - 0% - 40%
44 Defense
1 - 0% - 60%
2 - 0% - 40%
Last Minute Offensive  - 0:00
Last Minute Defensive  - 0:00
Total
Forward - 60:00
Defense - 60:00

% Time on Ice - Maple Leafs

Lines # - Real PCT - Wanted PCT - Time Play
Normal Forward
1 - 37% - 40% - 19:07
2 - 26% - 30% - 13:39
3 - 22% - 20% - 11:41
4 - 15% - 10% - 7:33
Normal Defense
1 - 38% - 40% - 19:32
2 - 37% - 30% - 19:06
3 - 23% - 20% - 11:55
4 - 3% - 10% - 1:27
PP Forward
1 - 57% - 60% - 3:25
2 - 43% - 40% - 2:36
PP Defense
1 - 43% - 60% - 2:36
2 - 57% - 40% - 3:25
PK Forward
1 - 81% - 60% - 1:36
2 - 19% - 40% - 0:23
PK Defense
1 - 52% - 60% - 1:02
2 - 48% - 40% - 0:57
PK3 Forward
1 - 0% - 60%
2 - 0% - 40%
PK3 Defense
1 - 0% - 60%
2 - 0% - 40%
44 Forward
1 - 0% - 60%
2 - 0% - 40%
44 Defense
1 - 0% - 60%
2 - 0% - 40%
Last Minute Offensive  - 0:00
Last Minute Defensive  - 0:00
Total
Forward - 60:00
Defense - 60:00

Play by Play

1st period


0:01 of 1st period - Anze Kopitar wins face-off versus Henrik Zetterberg in neutral zone.
0:35 of 1st period - Slapshot by Travis Zajac.
0:35 of 1st period - Shot Blocked by Ryan Ellis.
1:31 of 1st period - Wrist shot by Mike Hoffman.
1:31 of 1st period - Shot Misses the Net.
2:10 of 1st period - Off-side.
2:11 of 1st period - Vladislav Namestnikov wins face-off versus Lars Eller in neutral zone.
2:36 of 1st period - Yanni Gourde is hit by Anze Kopitar and loses puck.
2:50 of 1st period - Off-side.
2:51 of 1st period - Henrik Zetterberg wins face-off versus Travis Zajac in neutral zone.
3:16 of 1st period - Andrei Markov is hit by Mike Hoffman.
5:43 of 1st period - Snap shot by Bobby Ryan.
5:43 of 1st period - Shot Misses the Net.
5:45 of 1st period - Wrist shot by Bobby Ryan.
5:45 of 1st period - Shot Blocked by Andrei Markov.
5:47 of 1st period - Snap shot by Travis Zajac.
5:47 of 1st period - Shot Misses the Net.
5:49 of 1st period - Wrist shot by Travis Zajac.
5:49 of 1st period - Stopped by Frederik Andersen without a rebound.
5:50 of 1st period - Anze Kopitar wins face-off versus Vladislav Namestnikov in Blackhawks zone.
5:55 of 1st period - Wrist shot by Mike Hoffman.
5:55 of 1st period - Stopped by Frederik Andersen with a rebound.
5:57 of 1st period - Snap shot by Luke Schenn.
5:57 of 1st period - Stopped by Frederik Andersen without a rebound.
5:58 of 1st period - Vladislav Namestnikov wins face-off versus Anze Kopitar in Blackhawks zone.
5:58 of 1st period - Vladislav Namestnikov is hit by Luke Schenn.
7:10 of 1st period - Slapshot by Mike Hoffman.
7:10 of 1st period - Shot Blocked by Andy Greene.
8:02 of 1st period - Icing by Andy Greene.
8:03 of 1st period - Travis Zajac wins face-off versus Vladislav Namestnikov in Blackhawks zone.
8:32 of 1st period - Wrist shot by Alexander Steen.
8:32 of 1st period - Stopped by Marc-Andre Fleury with a rebound.
8:54 of 1st period - Slapshot by Zach Parise.
8:54 of 1st period - Shot Misses the Net.
9:00 of 1st period - Slapshot by Yanni Gourde.
9:00 of 1st period - Shot Blocked by Steven Santini.
9:00 of 1st period - Steven Santini from Maple Leafs is injured at 9:00 of 1st period (Left Hand).
9:01 of 1st period - Henrik Zetterberg wins face-off versus Travis Zajac in Maple Leafs zone.
9:37 of 1st period - Wrist shot by Yanni Gourde.
9:37 of 1st period - Stopped by Marc-Andre Fleury with a rebound.
9:53 of 1st period - Snap shot by Tom Kostopoulos.
9:53 of 1st period - Stopped by Frederik Andersen without a rebound.
9:54 of 1st period - Lars Eller wins face-off versus Henrik Zetterberg in Blackhawks zone.
10:11 of 1st period - Tom Kostopoulos is hit by Alexander Steen.
10:26 of 1st period - Off-side.
10:27 of 1st period - Carl Hagelin wins face-off versus Travis Zajac in neutral zone.
10:42 of 1st period - Wrist shot by Travis Zajac.
10:42 of 1st period - Shot Misses the Net.
10:54 of 1st period - Alexander Steen is hit by Jeff Petry and loses puck.
11:35 of 1st period - Wrist shot by Mike Hoffman.
11:35 of 1st period - Stopped by Frederik Andersen with a rebound.
11:37 of 1st period - Snap shot by Logan Couture.
11:37 of 1st period - Stopped by Frederik Andersen without a rebound.
11:38 of 1st period - Yanni Gourde wins face-off versus Travis Zajac in Blackhawks zone.
12:03 of 1st period - Stephen Gionta is hit by Sven Andrighetto and loses puck.
12:26 of 1st period - Ryan Ellis is hit by Lars Eller and loses puck.
12:33 of 1st period - Lars Eller is hit by Sven Andrighetto.
12:41 of 1st period - Snap shot by Vladislav Namestnikov.
12:41 of 1st period - Shot Blocked by Travis Zajac.
12:43 of 1st period - Snap shot by Niklas Hjalmarsson.
12:43 of 1st period - Shot Blocked by Bobby Ryan.
13:01 of 1st period - Snap shot by Chris Kunitz.
13:01 of 1st period - Stopped by Marc-Andre Fleury without a rebound.
13:02 of 1st period - Anze Kopitar wins face-off versus Henrik Zetterberg in Maple Leafs zone.
13:11 of 1st period - Wrist shot by Mike Hoffman.
13:11 of 1st period - Shot Blocked by Alexander Steen.
13:33 of 1st period - Slapshot by Jeff Petry.
13:33 of 1st period - Shot Blocked by Yanni Gourde.
13:35 of 1st period - Slapshot by Luke Schenn.
13:35 of 1st period - Shot Blocked by Derek Forbort.
14:12 of 1st period - Henrik Zetterberg is hit by Anze Kopitar and loses puck.
14:21 of 1st period - Slapshot by Andrei Markov.
14:21 of 1st period - Shot Blocked by Logan Couture.
14:35 of 1st period - Wrist shot by Brett Connolly.
14:35 of 1st period - Shot Blocked by Luke Schenn.
14:51 of 1st period - Slapshot by Brett Connolly.
14:51 of 1st period - Shot Misses the Net.
15:07 of 1st period - Toby Enstrom is hit by Andrei Markov and loses puck.
15:30 of 1st period - Wrist shot by Nikolaj Ehlers.
15:30 of 1st period - Shot Misses the Net.
15:32 of 1st period - Slapshot by Luke Schenn.
15:32 of 1st period - Deflect By Bobby Ryan.
15:32 of 1st period - Shot Blocked by Ryan Ellis.
15:32 of 1st period - Puck is out of play.
15:33 of 1st period - Anze Kopitar wins face-off versus Yanni Gourde in Blackhawks zone.
15:36 of 1st period - Snap shot by Mike Hoffman.
15:36 of 1st period - Stopped by Frederik Andersen with a rebound.
15:44 of 1st period - Carl Hagelin is hit by Anze Kopitar and loses puck.
16:09 of 1st period - Minor Penalty to Sven Andrighetto for Roughing.
16:10 of 1st period - Logan Couture wins face-off versus Vladislav Namestnikov in Blackhawks zone.
16:37 of 1st period - Jeff Petry is hit by Ryan Ellis and loses puck.
18:09 of 1st period - Penalty to Sven Andrighetto is over, Sven Andrighetto is back on ice.
18:58 of 1st period - Anze Kopitar is hit by Carl Hagelin and loses puck.
19:37 of 1st period - Mike Hoffman is hit by Vladislav Namestnikov and loses puck.
Goals for this period are 0 for Blackhawks vs 0 for Maple Leafs.
Shots for this period are 3 for Blackhawks vs 7 for Maple Leafs.

2nd period


0:01 of 2nd period - Henrik Zetterberg wins face-off versus Anze Kopitar in neutral zone.
0:36 of 2nd period - Bobby Ryan is hit by Zach Parise and loses puck.
1:44 of 2nd period - Wrist shot by Nikolaj Ehlers.
1:44 of 2nd period - Shot Hit the Post.
2:08 of 2nd period - Snap shot by Chris Kunitz.
2:08 of 2nd period - Stopped by Marc-Andre Fleury with a rebound.
2:30 of 2nd period - Slapshot by Anze Kopitar.
2:30 of 2nd period - Shot Misses the Net.
3:08 of 2nd period - Travis Zajac is hit by Vladislav Namestnikov and loses puck.
3:25 of 2nd period - Niklas Hjalmarsson is hit by Lars Eller and loses puck.
3:52 of 2nd period - Sven Andrighetto is hit by Travis Zajac and loses puck.
4:03 of 2nd period - Alexander Steen is hit by Will O'Neill and loses puck.
4:20 of 2nd period - Alexander Steen is hit by Anze Kopitar.
4:29 of 2nd period - Wrist shot by Alexander Steen.
4:29 of 2nd period - Shot Misses the Net.
4:31 of 2nd period - Wrist shot by Andrew Shaw.
4:31 of 2nd period - Stopped by Marc-Andre Fleury without a rebound.
4:32 of 2nd period - Lars Eller wins face-off versus Yanni Gourde in Maple Leafs zone.
4:37 of 2nd period - Yanni Gourde is hit by Sergey Kalinin and loses puck.
5:09 of 2nd period - Snap shot by Nikolaj Ehlers.
5:09 of 2nd period - Stopped by Frederik Andersen without a rebound.
5:10 of 2nd period - Henrik Zetterberg wins face-off versus Anze Kopitar in Blackhawks zone.
5:23 of 2nd period - Wrist shot by Alexander Steen.
5:23 of 2nd period - Goal by Alexander Steen - Blackhawks : 1 - Maple Leafs : 0.
5:24 of 2nd period - Henrik Zetterberg wins face-off versus Anze Kopitar in neutral zone.
5:27 of 2nd period - Slapshot by Ryan Ellis.
5:27 of 2nd period - Stopped by Marc-Andre Fleury with a rebound.
6:00 of 2nd period - Lars Eller is hit by Alexander Steen and loses puck.
6:13 of 2nd period - Wrist shot by Henrik Zetterberg.
6:13 of 2nd period - Stopped by Marc-Andre Fleury with a rebound.
6:57 of 2nd period - Snap shot by Henrik Zetterberg.
6:57 of 2nd period - Goal by Henrik Zetterberg - Blackhawks : 2 - Maple Leafs : 0.
6:58 of 2nd period - Anze Kopitar wins face-off versus Yanni Gourde in neutral zone.
7:27 of 2nd period - Slapshot by Nikolaj Ehlers.
7:27 of 2nd period - Shot Blocked by Sven Andrighetto.
7:31 of 2nd period - Snap shot by Travis Zajac.
7:31 of 2nd period - Deflect By Nikolaj Ehlers.
7:31 of 2nd period - Shot Misses the Net.
7:31 of 2nd period - Puck is out of play.
7:32 of 2nd period - Travis Zajac wins face-off versus Carl Hagelin in Blackhawks zone.
7:45 of 2nd period - Snap shot by Travis Zajac.
7:45 of 2nd period - Deflect By Yanni Gourde.
7:45 of 2nd period - Shot Misses the Net.
7:45 of 2nd period - Puck is out of play.
7:46 of 2nd period - Anze Kopitar wins face-off versus Yanni Gourde in Blackhawks zone.
7:58 of 2nd period - Luke Schenn is hit by Zach Parise and loses puck.
8:09 of 2nd period - Minor Penalty to Carl Hagelin for Interference.
8:10 of 2nd period - Anze Kopitar wins face-off versus Henrik Zetterberg in Blackhawks zone.
8:13 of 2nd period - Wrist shot by Mike Hoffman.
8:13 of 2nd period - Goal by Mike Hoffman - Blackhawks : 2 - Maple Leafs : 1.
8:14 of 2nd period - Anze Kopitar wins face-off versus Henrik Zetterberg in neutral zone.
8:36 of 2nd period - Icing by Logan Couture.
8:37 of 2nd period - Yanni Gourde wins face-off versus Anze Kopitar in Maple Leafs zone.
8:42 of 2nd period - Wrist shot by Yanni Gourde.
8:42 of 2nd period - Stopped by Marc-Andre Fleury with a rebound.
9:54 of 2nd period - Slapshot by Stephen Gionta.
9:54 of 2nd period - Stopped by Frederik Andersen with a rebound.
10:12 of 2nd period - Snap shot by Henrik Zetterberg.
10:12 of 2nd period - Shot Misses the Net.
10:14 of 2nd period - Wrist shot by Johan Larsson.
10:14 of 2nd period - Shot Misses the Net.
10:26 of 2nd period - Slapshot by Chris Kunitz.
10:26 of 2nd period - Deflect By Vladislav Namestnikov.
10:26 of 2nd period - Shot Blocked by Fredrik Claesson.
10:26 of 2nd period - Puck is out of play.
10:27 of 2nd period - Vladislav Namestnikov wins face-off versus Travis Zajac in Maple Leafs zone.
10:30 of 2nd period - Snap shot by Chris Kunitz.
10:30 of 2nd period - Shot Misses the Net.
10:38 of 2nd period - Snap shot by Vladislav Namestnikov.
10:38 of 2nd period - Shot Blocked by Jeff Petry.
10:40 of 2nd period - Backhand shot by Derek Forbort.
10:40 of 2nd period - Deflect By Vladislav Namestnikov.
10:40 of 2nd period - Stopped by Marc-Andre Fleury with a rebound.
10:54 of 2nd period - Snap shot by Vladislav Namestnikov.
10:54 of 2nd period - Stopped by Marc-Andre Fleury with a rebound.
10:58 of 2nd period - Wrist shot by Chris Kunitz.
10:58 of 2nd period - Shot Misses the Net.
11:00 of 2nd period - Slapshot by Chris Kunitz.
11:00 of 2nd period - Stopped by Marc-Andre Fleury with a rebound.
11:02 of 2nd period - Snap shot by Brandon Davidson.
11:02 of 2nd period - Stopped by Marc-Andre Fleury without a rebound.
11:03 of 2nd period - Anze Kopitar wins face-off versus Henrik Zetterberg in Maple Leafs zone.
11:05 of 2nd period - Minor Penalty to Mike Hoffman for Tripping.
11:06 of 2nd period - Anze Kopitar wins face-off versus Henrik Zetterberg in Maple Leafs zone.
11:23 of 2nd period - Snap shot by Travis Zajac.
11:23 of 2nd period - Shot Misses the Net.
11:37 of 2nd period - Wrist shot by Zach Parise.
11:37 of 2nd period - Shot Blocked by Jeff Petry.
11:39 of 2nd period - Snap shot by Andrei Markov.
11:39 of 2nd period - Shot Misses the Net.
11:41 of 2nd period - Slapshot by Ryan Ellis.
11:41 of 2nd period - Stopped by Marc-Andre Fleury with a rebound.
11:43 of 2nd period - Snap shot by Yanni Gourde.
11:43 of 2nd period - Stopped by Marc-Andre Fleury with a rebound.
13:05 of 2nd period - Penalty to Mike Hoffman is over, Mike Hoffman is back on ice.
13:18 of 2nd period - Vladislav Namestnikov is hit by Sergey Kalinin and loses puck.
13:35 of 2nd period - Icing by Vladislav Namestnikov.
13:36 of 2nd period - Anze Kopitar wins face-off versus Vladislav Namestnikov in Blackhawks zone.
13:37 of 2nd period - Snap shot by Mike Hoffman.
13:37 of 2nd period - Shot Blocked by Derek Forbort.
13:59 of 2nd period - Snap shot by Henrik Zetterberg.
13:59 of 2nd period - Shot Blocked by Luke Schenn.
14:01 of 2nd period - Slapshot by Brandon Davidson.
14:01 of 2nd period - Shot Misses the Net.
14:03 of 2nd period - Wrist shot by Alexander Steen.
14:03 of 2nd period - Stopped by Marc-Andre Fleury without a rebound.
14:04 of 2nd period - Andrew Shaw wins face-off versus Travis Zajac in Maple Leafs zone.
14:05 of 2nd period - Backhand shot by Henrik Zetterberg.
14:05 of 2nd period - Shot Misses the Net.
14:21 of 2nd period - Wrist shot by Alexander Steen.
14:21 of 2nd period - Shot Blocked by Fredrik Claesson.
15:10 of 2nd period - Icing by Mike Hoffman.
15:11 of 2nd period - Henrik Zetterberg wins face-off versus Anze Kopitar in Maple Leafs zone.
15:12 of 2nd period - Snap shot by Alexander Steen.
15:12 of 2nd period - Shot Blocked by Logan Couture.
15:30 of 2nd period - Snap shot by Logan Couture.
15:30 of 2nd period - Shot Blocked by Andrei Markov.
15:32 of 2nd period - Snap shot by Logan Couture.
15:32 of 2nd period - Stopped by Frederik Andersen without a rebound.
15:33 of 2nd period - Yanni Gourde wins face-off versus Travis Zajac in Blackhawks zone.
15:57 of 2nd period - Minor Penalty to Carl Hagelin for Slashing.
15:58 of 2nd period - Henrik Zetterberg wins face-off versus Anze Kopitar in Blackhawks zone.
16:17 of 2nd period - Henrik Zetterberg is hit by Anze Kopitar and loses puck.
17:57 of 2nd period - Penalty to Carl Hagelin is over, Carl Hagelin is back on ice.
18:48 of 2nd period - Brandon Davidson is hit by Stephen Gionta and loses puck.
Goals for this period are 2 for Blackhawks vs 1 for Maple Leafs.
Shots for this period are 14 for Blackhawks vs 4 for Maple Leafs.

3rd period


0:01 of 3rd period - Henrik Zetterberg wins face-off versus Anze Kopitar in neutral zone.
0:04 of 3rd period - Slapshot by Andrei Markov.
0:04 of 3rd period - Stopped by Marc-Andre Fleury with a rebound.
0:06 of 3rd period - Backhand shot by Ryan Ellis.
0:06 of 3rd period - Stopped by Marc-Andre Fleury without a rebound.
0:07 of 3rd period - Anze Kopitar wins face-off versus Henrik Zetterberg in Maple Leafs zone.
0:07 of 3rd period - Anze Kopitar is hit by Henrik Zetterberg.
0:21 of 3rd period - Jeff Petry is hit by Andrei Markov and loses puck.
1:14 of 3rd period - Wrist shot by Alexander Steen.
1:14 of 3rd period - Stopped by Marc-Andre Fleury with a rebound.
1:16 of 3rd period - Snap shot by Andrew Shaw.
1:16 of 3rd period - Shot Blocked by Stephen Gionta.
1:24 of 3rd period - Slapshot by Alexander Steen.
1:24 of 3rd period - Shot Blocked by Will O'Neill.
1:26 of 3rd period - Snap shot by Henrik Zetterberg.
1:26 of 3rd period - Goal by Henrik Zetterberg - Blackhawks : 3 - Maple Leafs : 1.
1:27 of 3rd period - Henrik Zetterberg wins face-off versus Anze Kopitar in neutral zone.
3:16 of 3rd period - Yanni Gourde is hit by Jeff Petry and loses puck.
3:25 of 3rd period - Snap shot by Nikolaj Ehlers.
3:25 of 3rd period - Stopped by Frederik Andersen without a rebound.
3:26 of 3rd period - Anze Kopitar wins face-off versus Vladislav Namestnikov in Blackhawks zone.
3:31 of 3rd period - Wrist shot by Logan Couture.
3:31 of 3rd period - Stopped by Frederik Andersen without a rebound.
3:32 of 3rd period - Chris Kunitz wins face-off versus Anze Kopitar in Blackhawks zone.
3:37 of 3rd period - Snap shot by Sven Andrighetto.
3:37 of 3rd period - Stopped by Marc-Andre Fleury without a rebound.
3:38 of 3rd period - Henrik Zetterberg wins face-off versus Anze Kopitar in Maple Leafs zone.
4:32 of 3rd period - Slapshot by Andy Greene.
4:32 of 3rd period - Deflect By Sven Andrighetto.
4:32 of 3rd period - Shot Misses the Net.
4:32 of 3rd period - Puck is out of play.
4:33 of 3rd period - Anze Kopitar wins face-off versus Henrik Zetterberg in Maple Leafs zone.
5:25 of 3rd period - Toby Enstrom is hit by Sven Andrighetto and loses puck.
5:53 of 3rd period - Snap shot by Alexander Steen.
5:53 of 3rd period - Stopped by Marc-Andre Fleury with a rebound.
6:05 of 3rd period - Snap shot by Mike Hoffman.
6:05 of 3rd period - Stopped by Frederik Andersen without a rebound.
6:06 of 3rd period - Johan Larsson wins face-off versus Mike Hoffman in Blackhawks zone.
6:41 of 3rd period - Wrist shot by Anze Kopitar.
6:41 of 3rd period - Shot Misses the Net.
6:43 of 3rd period - Slapshot by Will O'Neill.
6:43 of 3rd period - Stopped by Frederik Andersen without a rebound.
6:44 of 3rd period - Yanni Gourde wins face-off versus Travis Zajac in Blackhawks zone.
6:44 of 3rd period - Yanni Gourde is hit by Will O'Neill.
6:50 of 3rd period - Wrist shot by Zach Parise.
6:50 of 3rd period - Stopped by Marc-Andre Fleury without a rebound.
6:51 of 3rd period - Nikolaj Ehlers wins face-off versus Yanni Gourde in Maple Leafs zone.
6:51 of 3rd period - Travis Zajac is hit by Andrei Markov and loses puck.
6:57 of 3rd period - Toby Enstrom is hit by Ryan Ellis and loses puck.
7:00 of 3rd period - Slapshot by Toby Enstrom.
7:00 of 3rd period - Deflect By Nikolaj Ehlers.
7:00 of 3rd period - Shot Blocked by Carl Hagelin.
7:00 of 3rd period - Puck is out of play.
7:01 of 3rd period - Anze Kopitar wins face-off versus Henrik Zetterberg in Blackhawks zone.
7:04 of 3rd period - Wrist shot by Logan Couture.
7:04 of 3rd period - Shot Misses the Net.
7:06 of 3rd period - Minor Penalty to Alexander Steen for Hooking.
7:07 of 3rd period - Henrik Zetterberg wins face-off versus Logan Couture in Blackhawks zone.
7:16 of 3rd period - Wrist shot by Henrik Zetterberg.
7:16 of 3rd period - Deflect By Vladislav Namestnikov.
7:16 of 3rd period - Shot Misses the Net.
7:16 of 3rd period - Puck is out of play.
7:17 of 3rd period - Anze Kopitar wins face-off versus Henrik Zetterberg in Maple Leafs zone.
8:00 of 3rd period - Snap shot by Mike Hoffman.
8:00 of 3rd period - Stopped by Frederik Andersen with a rebound.
8:02 of 3rd period - Snap shot by Anze Kopitar.
8:02 of 3rd period - Shot Misses the Net.
8:08 of 3rd period - Snap shot by Logan Couture.
8:08 of 3rd period - Shot Misses the Net.
8:10 of 3rd period - Slapshot by Anze Kopitar.
8:10 of 3rd period - Deflect By Vladislav Namestnikov.
8:10 of 3rd period - Shot Misses the Net.
8:10 of 3rd period - Puck is out of play.
8:11 of 3rd period - Travis Zajac wins face-off versus Henrik Zetterberg in Blackhawks zone.
8:24 of 3rd period - Backhand shot by Nikolaj Ehlers.
8:24 of 3rd period - Stopped by Frederik Andersen without a rebound.
8:25 of 3rd period - Travis Zajac wins face-off versus Henrik Zetterberg in Blackhawks zone.
8:50 of 3rd period - Vladislav Namestnikov is hit by Logan Couture and loses puck.
9:05 of 3rd period - Snap shot by Andrew Shaw.
9:05 of 3rd period - Stopped by Marc-Andre Fleury without a rebound.
9:06 of 3rd period - Penalty to Alexander Steen is over, Alexander Steen is back on ice.
9:06 of 3rd period - Yanni Gourde wins face-off versus Travis Zajac in Maple Leafs zone.
11:25 of 3rd period - Tom Kostopoulos is hit by Vladislav Namestnikov and loses puck.
12:08 of 3rd period - Snap shot by Andrew Shaw.
12:08 of 3rd period - Stopped by Marc-Andre Fleury without a rebound.
12:09 of 3rd period - Vladislav Namestnikov wins face-off versus Anze Kopitar in Maple Leafs zone.
12:19 of 3rd period - Snap shot by Chris Kunitz.
12:19 of 3rd period - Shot Misses the Net.
12:21 of 3rd period - Snap shot by Chris Kunitz.
12:21 of 3rd period - Stopped by Marc-Andre Fleury with a rebound.
12:23 of 3rd period - Backhand shot by Vladislav Namestnikov.
12:23 of 3rd period - Stopped by Marc-Andre Fleury with a rebound.
12:25 of 3rd period - Wrist shot by Ryan Ellis.
12:25 of 3rd period - Stopped by Marc-Andre Fleury without a rebound.
12:26 of 3rd period - Henrik Zetterberg wins face-off versus Bobby Ryan in Maple Leafs zone.
13:13 of 3rd period - Niklas Hjalmarsson is hit by Jeff Petry and loses puck.
13:30 of 3rd period - Henrik Zetterberg is hit by Will O'Neill and loses puck.
13:39 of 3rd period - Slapshot by Stephen Gionta.
13:39 of 3rd period - Stopped by Frederik Andersen without a rebound.
13:40 of 3rd period - Anze Kopitar wins face-off versus Zach Parise in Blackhawks zone.
13:49 of 3rd period - Mike Hoffman is hit by Carl Hagelin and loses puck.
13:54 of 3rd period - Snap shot by Carl Hagelin.
13:54 of 3rd period - Stopped by Marc-Andre Fleury with a rebound.
13:56 of 3rd period - Snap shot by Zach Parise.
13:56 of 3rd period - Stopped by Marc-Andre Fleury without a rebound.
13:57 of 3rd period - Henrik Zetterberg wins face-off versus Bobby Ryan in Maple Leafs zone.
14:00 of 3rd period - Slapshot by Henrik Zetterberg.
14:00 of 3rd period - Stopped by Marc-Andre Fleury with a rebound.
14:02 of 3rd period - Slapshot by Ryan Ellis.
14:02 of 3rd period - Stopped by Marc-Andre Fleury without a rebound.
14:03 of 3rd period - Henrik Zetterberg wins face-off versus Travis Zajac in Maple Leafs zone.
14:14 of 3rd period - Snap shot by Henrik Zetterberg.
14:14 of 3rd period - Shot Blocked by Will O'Neill.
14:16 of 3rd period - Backhand shot by Ryan Ellis.
14:16 of 3rd period - Shot Blocked by Will O'Neill.
14:18 of 3rd period - Slapshot by Ryan Ellis.
14:18 of 3rd period - Shot Blocked by Travis Zajac.
14:40 of 3rd period - Slapshot by Logan Couture.
14:40 of 3rd period - Shot Misses the Net.
14:42 of 3rd period - Wrist shot by Mike Hoffman.
14:42 of 3rd period - Shot Misses the Net.
15:16 of 3rd period - Luke Schenn is hit by Niklas Hjalmarsson and loses puck.
15:21 of 3rd period - Snap shot by Henrik Zetterberg.
15:21 of 3rd period - Stopped by Marc-Andre Fleury without a rebound.
15:22 of 3rd period - Henrik Zetterberg wins face-off versus Mike Hoffman in Maple Leafs zone.
16:21 of 3rd period - Slapshot by Sven Andrighetto.
16:21 of 3rd period - Deflect By Chris Kunitz.
16:21 of 3rd period - Stopped by Marc-Andre Fleury without a rebound.
16:22 of 3rd period - Henrik Zetterberg wins face-off versus Anze Kopitar in Maple Leafs zone.
16:33 of 3rd period - Wrist shot by Alexander Steen.
16:33 of 3rd period - Shot Misses the Net.
17:08 of 3rd period - Vladislav Namestnikov is hit by Bobby Ryan and loses puck.
17:38 of 3rd period - Snap shot by Nicklas Jensen.
17:38 of 3rd period - Shot Misses the Net.
17:40 of 3rd period - Snap shot by Stephen Gionta.
17:40 of 3rd period - Shot Misses the Net.
17:42 of 3rd period - Slapshot by Stephen Gionta.
17:42 of 3rd period - Shot Misses the Net.
17:44 of 3rd period - Snap shot by Michael McCarron.
17:44 of 3rd period - Shot Misses the Net.
17:46 of 3rd period - Wrist shot by Nicklas Jensen.
17:46 of 3rd period - Stopped by Frederik Andersen without a rebound.
17:47 of 3rd period - Lars Eller wins face-off versus Yanni Gourde in Blackhawks zone.
18:40 of 3rd period - Snap shot by Mike Hoffman.
18:40 of 3rd period - Stopped by Frederik Andersen with a rebound.
19:34 of 3rd period - Sergey Kalinin is hit by Vladislav Namestnikov and loses puck.
19:59 of 3rd period - Carl Hagelin is hit by Nikolaj Ehlers and loses puck.
Goals for this period are 1 for Blackhawks vs 0 for Maple Leafs.
Shots for this period are 18 for Blackhawks vs 9 for Maple Leafs.